 Dungeon Crawl Stone Soup version 0.31-a0-1002-g8e65716e6e (webtiles) character file.

Game seed: 1786054785831109508

189 Chiseanne the Ducker (level 5, 0/54 HPs)
             Began as an Octopode Wanderer on Nov 10, 2023.
             Killed from afar by an orc wizard (3 damage)
             ... with a puff of flame
             ... on level 3 of the Dungeon.
             The game lasted 00:08:59 (2612 turns).

Chiseanne the Ducker (Octopode Wanderer)            Turns: 2612, Time: 00:09:00

Health: 0/54       AC: 22    Str:  9    XL:     5   Next: 68%
Magic:  6/6        EV:  2    Int: 21    God:
Gold:   192        SH:  0    Dex:  9    Spells: 5/6 levels left

rFire   . . .        a - +0 short sword
rCold   . . .        (no shield)
rNeg    . . .        b - melded +0 hat
rPois   +            (no amulet)
rElec   .            (no ring)
rCorr   .            (no ring)
SInv    .            (no ring)
Will    .....        (no ring)
Stlth   ++           (no ring)
HPRegen 0.29/turn    (no ring)
MPRegen 0.10/turn    (no ring)
                     (no ring)

%: no passive effects
@: tree-form
A: stationary, stasis, torment immunity, boosted hp, almost no armour,
(amphibious), 8 rings, (camouflage 1), (gelatinous body 1), (nimble swimmer 1),
(tentacles)
a: no special abilities


You were on level 3 of the Dungeon.
You were a tree.
You visited 1 branch of the dungeon, and saw 3 of its levels.

You collected 192 gold pieces.

Inventory:

Hand Weapons
 a - a +0 short sword (weapon)
 h - a +1 dagger of flaming
 m - a +0 mace
 p - a +2 dagger of freezing
 q - a +0 sling
Missiles
 d - 34 stones
 i - 2 boomerangs
 k - 2 poisoned darts (quivered)
Armour
 b - a +0 hat (melded)
Jewellery
 g - an amulet of faith
Wands
 e - a wand of flame (13)
Scrolls
 c - 3 scrolls of fear
 f - 2 scrolls of revelation
 l - 2 scrolls of teleportation
Potions
 n - a potion of heal wounds {unknown}
 o - a potion of magic {unknown}
 r - a potion of mutation {unknown}


   Skills:
 * Level 3.1 Fighting
 - Level 2.0 Short Blades
 * Level 4.2 Dodging
 * Level 4.2 Stealth
 - Level 1.0 Spellcasting
 - Level 3.0 Translocations


You had 5 spell levels left.
You knew the following spells:

 Your Spells              Type           Power      Damage    Failure   Level
a - Apportation           Tloc           26%        N/A       4%          1

Your spell library contained the following spells:

 Spells                   Type           Power      Damage    Failure   Level
 Wereblood                Tmut           1%         N/A       24%         2
 Volatile Blastmotes      Fire/Tloc      14%        2d11      26%         3
 Dazzling Flash           Conj/Hex       2%         N/A       43%         3
 Ozocubu's Armour         Ice            1%         N/A       43%         3
 Vhi's Electric Charge    Tloc/Air       14%        N/A       65%         4
 Irradiate                Conj/Tmut      0%         3d11      99%         5
 Metabolic Englaciation   Hex/Ice        0%         N/A       99%         5
 Simulacrum               Ice/Necr       0%         N/A       100%        6
 Starburst                Conj/Fire      0%         6d3       100%        6
 Maxwell's Capacitive Co  Air            0%         ∞         100%        8


Dungeon Overview and Level Annotations

Branches:
Dungeon (3/15)

Altars:

Annotations:
D:3 1 runed translucent door, Crazy Yiuf


Innate Abilities, Weirdness & Mutations

You are a tree.
Your roots penetrate the ground, keeping you stationary.
You cannot be teleported.
You are immune to unholy pain and torment.
Your maximum health is greatly increased.
You cannot wear most types of armour.
((You are amphibious.))
You can wear up to eight rings at the same time.
((Your skin changes colour to match your surroundings (Stealth+).))
((Your rubbery body absorbs attacks. (AC +1, EV +1)))
((You are camouflaged when in or above water. (Stealth+)))
((You have tentacles for arms and can constrict up to eight enemies at once.))


Message History

You writhe in agony.
* * * LOW HITPOINT WARNING * * *
You closely miss the orc wizard.
The orc wizard is moderately wounded.
You nearly hit yourself!
The orc wizard hits you but does no damage.
You attack the rock wall.
You feel less confused.
The orc wizard hits you but does no damage.
You writhe in agony.
* * * LOW HITPOINT WARNING * * *
You hit the orc wizard but do no damage.
The orc wizard is moderately wounded.
The orc wizard hits you with the +6 whip of the Eternal Warrior {pain, Int+6 Dex-3}.
* * * LOW HITPOINT WARNING * * *
You closely miss the orc wizard.
The orc wizard is moderately wounded.
The orc wizard hits you but does no damage.
You barely miss the orc wizard.
The orc wizard is moderately wounded.
The orc wizard hits you but does no damage.
You miss the orc wizard.
The orc wizard is moderately wounded.
The orc wizard hits you but does no damage.
You writhe in agony.
* * * LOW HITPOINT WARNING * * *
You barely miss the orc wizard.
The orc wizard is moderately wounded.
The orc wizard hits you with the +6 whip of the Eternal Warrior {pain, Int+6 Dex-3}.
* * * LOW HITPOINT WARNING * * *
You barely miss the orc wizard.
The orc wizard is moderately wounded.
The orc wizard gestures wildly while chanting.
The orc wizard flickers and vanishes!
Deactivating autopickup; reactivate with Ctrl-A.
You barely miss something.
You hear some strange, mumbled words.
A puff of flame appears from out of thin air!
The puff of flame hits you.
You die...

#######.....................#
#......#.....................
####.####........##.##.........#
#....# ##........##.##.........#
##.######.........##.##........).
...#..)...............##.........
.....########.#..###.[)).........
...### #.##.# #.#..........# ..†#
##.##♣###)##.........# ...#
###.(#{........†.).....# ...#
#...........##.>........ ####
##[#.##)[#...###)........
#..#.##.#.......#.....#..
####.#..#..#.[.....#######..
#..>......##................
#.......####.[.......#####.#
###....#.....................)


There were no monsters in sight!

Vanquished Creatures
  A howler monkey (D:3)
  Robin (D:3)
  6 adders
  A worm (D:2)
  A dart slug (D:2)
  6 orcs (D:3)
  5 ball pythons
  5 bats
  6 endoplasms
  A giant cockroach (D:1)
  15 goblins
  4 hobgoblins
  2 jackals (D:3)
  6 kobolds
  5 quokkas
  2 frilled lizards
  6 rats
73 creatures vanquished.

Notes
Turn   | Place    | Note
-------+----------+-------------------------------------------
     0 | D:1      | Chiseanne the Octopode Wanderer began the quest for the
                  | Orb.
     0 | D:1      | Chiseanne set off with the following items: a +0 short
                  | sword, a +0 hat, a scroll of fear; and the following spell
                  | memorised: Apportation; and the following spells available
                  | to memorise: Volatile Blastmotes, Vhi's Electric Charge.
     0 | D:1      | Reached XP level 1. HP: 13/13 MP: 2/2
    55 | D:1      | Reached skill level 1 in Stealth
    77 | D:1      | Reached XP level 2. HP: 18/18 MP: 3/3
   586 | D:2      | Found a faded altar of an unknown god.
   655 | D:2      | Reached XP level 3. HP: 2/24 MP: 4/4
  1036 | D:2      | Reached XP level 4. HP: 27/30 MP: 5/5
  1886 | D:3      | Found a runed translucent door.
  1887 | D:3      | Noticed Crazy Yiuf
  2099 | D:3      | Noticed Robin
  2103 | D:3      | Reached XP level 5. HP: 33/36 MP: 6/6
  2142 | D:3      | Killed Robin
  2580 | D:3      | Identified the +6 whip of the Eternal Warrior {pain, Int+6
                  | Dex-3}
  2612 | D:3      | Killed from afar by an orc wizard

Illustrated notes

Levels and vault maps discovered:
D:1:      saegor_arrival_miasma, layout_rooms, serial_aquarium,
          aquarium_bridge_square [aquarium_subvault_wall,
          aquarium_subvault_bridge, aquarium_subvault_bridge,
          aquarium_subvault_bridge], aquarium_window_fake, aquarium_window_fake,
          aquarium_window_2, aquarium_window_fake, aquarium_view_4,
          aquarium_view_2c, minmay_bisected
D:2:      layout_loops_corners, dreamdust_ecumenical_altar_statues,
          hangedman_abyss_or_decor_stabs
D:3:      layout_rooms, uniq_crazy_yiuf_cottage, uniq_robin

Skill      XL: |  1  2  3  4  5 |
---------------+----------------+-----
Stealth        | 1 2 3 4 |  4.2
Fighting       | 2 3 |  3.1
Dodging        | 4 |  4.2
Short Blades   | |  2.0
Spellcasting   | |  1.0
Translocations | |  3.0

Action                     |  1- 3 |  4- 6 || total
---------------------------+-------+-------++-------
  Melee: Short sword       |    76 |   156 ||   232
         Tentacles         |    22 |    34 ||    56
         Constrict         |    16 |    27 ||    43
  Throw: Dart              |       |    11 ||    11
    Use: Scroll            |     8 |     2 ||    10
         Potion            |     1 |     2 ||     3
   Stab: Sleeping          |     7 |     5 ||    12
 Armour: Skin              |    21 |    71 ||    92
  Dodge: Dodged            |    48 |    74 ||   122

Table legend: (Time is in decaauts)
 A = Elapsed time spent in this place.
 B = Non-inter-level travel time spent in this place.
 C = Inter-level travel time spent in this place.
 D = Time resting spent in this place.
 E = Time spent auto-exploring this place.
 F = Levels seen in this place.
 G = Mean time per level.
                   A        B        C        D        E       F      G
               +--------+--------+--------+--------+--------+-----+--------+
         Total |   2588 |   2543 |     45 |    497 |   1280 |   3 |  862.7 |
       Dungeon |   2588 |   2543 |     45 |    497 |   1280 |   3 |  862.7 |
               +--------+--------+--------+--------+--------+-----+--------+

Top non-repeatable levels by time:
     D:2: 1036 daAuts
     D:3: 980 daAuts
     D:1: 571 daAuts
